 Dungeon Crawl Stone Soup version 0.23-a0-308-gf318fe8 (webtiles) character file.

1765 Geeful the Fighter (level 9, -1/98 HPs)
             Began as an Ogre Abyssal Knight on Oct 10, 2018.
             Was a Priest of Lugonu.
             Slain by a spriggan baker
             ... wielding a +0 dagger
              (10 damage)
             ... on level 7 of the Dungeon.
             The game lasted 00:31:59 (9968 turns).

Geeful the Fighter (Ogre Abyssal Knight)            Turns: 9968, Time: 00:32:00

Health: -1/98      AC:  5    Str: 19    XL:     9   Next: 7%
Magic:  13/13      EV: 12    Int: 13    God:    Lugonu [***...]
Gold:   414        SH:  0    Dex: 12    Spells: 8/8 levels left

rFire    . . .     SeeInvis .   t - +2 giant spiked club
rCold    + . .     Gourm    .   (shield currently unavailable)
rNeg     . . .     Faith    .   b - +0 robe
rPois    .         Spirit   .   (helmet restricted)
rElec    .         Reflect  .   j - +1 cloak
rCorr    .         Harm     .   (gloves unavailable)
MR       .....     Rnd*Rage +   (boots unavailable)
Stlth    +.........             v - amulet of rage
HPRegen  0.26/turn              g - ring of protection from fire
MPRegen  0.13/turn              f - ring of ice

@: berserk cooldown, very slightly contaminated, slowed, very slow
A: large, unfitting armour, agile 1, berserk 1, tough skin 1
a: Depart the Abyss, Bend Space, Banish, Renounce Religion, Evoke Berserk Rage


You were on level 7 of the Dungeon.
You worshipped Lugonu.
Lugonu was most pleased with you.
You were very hungry.

You visited 1 branch of the dungeon, and saw 7 of its levels.
You visited the Abyss 1 time.
You also visited: Ossuary.

You collected 414 gold pieces.

Inventory:

Hand Weapons
 t - a +2 giant spiked club (weapon)
Armour
 b - a +0 robe (worn)
 j - a +1 cloak (worn)
Jewellery
 d - an uncursed amulet of the acrobat
 f - a ring of ice (right hand)
 g - a ring of protection from fire (left hand)
 v - an amulet of rage (around neck)
Wands
 e - a wand of disintegration (6)
Scrolls
 a - a scroll of fear
 h - 3 scrolls of teleportation
 i - 4 scrolls of remove curse
 m - a scroll of enchant armour
 p - a scroll of fog
 u - a scroll of magic mapping
Potions
 k - a potion of lignification
 n - a potion of cancellation {unknown}
 x - a potion of mutation
 z - a potion of resistance
Comestibles
 c - 4 rations


   Skills:
 * Level 9.1 Fighting
 + Level 5.4 Maces & Flails
 + Level 5.5 Dodging
 - Level 5.8 Invocations


You had 8 spell levels left.
You didn't know any spells.
Your spell library contained the following spells:

 Spells                   Type           Power        Failure   Level  Hunger
 Flame Tongue             Conj/Fire      #....        30%         1    ##.....
 Throw Flame              Conj/Fire      #.....       43%         2    ###....
 Conjure Flame            Conj/Fire      #.......     67%         3    ####...
 Inner Flame              Hex/Fire       #.......     67%         3    ####...
 Sticky Flame             Conj/Fire      #.......     97%         4    #####..
 Fireball                 Conj/Fire      #.........   100%        5    ######.


Dungeon Overview and Level Annotations

Branches:
Dungeon (7/15)             Temple (0/1) D:5

Altars:
Cheibriados
Elyvilon
Okawaru
Trog

Shops:
D:6 :%(}

Annotations:
D:6 3 runed doors, Geeful's ghost, novice OgAK


Innate Abilities, Weirdness & Mutations

You are too large for most types of armour.
You have tough skin. (AC +1)
You are agile. (Dex +2)
You tend to lose your temper in combat.


Message History

The spriggan baker completely misses you.
The spriggan baker hits you with a dagger!
* * * LOW HITPOINT WARNING * * *
You closely miss the spriggan baker.
The spriggan baker hits you with a dagger!
* * * LOW HITPOINT WARNING * * *
You are too berserk!
You are too berserk!
Okay, then.
You slam the large door shut with a bang!
You feel a strong urge to attack something.
You are no longer berserk.
You are exhausted.
You feel yourself slow down.
Something unseen opens the large door.
Blink to where?
Press: ? - help, Dir - move target cursor You are very lightly contaminated with residual magic.
As you read the scroll of blinking, it crumbles to dust.
The spriggan baker hits you with a dagger!
You die...

######## ##..8....
###########......##
#<@i........8...8..
######...[.........
#........8....
#.........####
#.........# #
#.........#
#.........####
#........ยง'...
#.....####'###


You could see a spriggan baker.

Vanquished Creatures
  A wraith (D:6)
  3 ice beasts
  A black bear (D:6)
  A phantom (D:6)
  An ogre (D:7)
  2 centaurs (D:6)
  A scorpion (D:7)
  A water moccasin skeleton (D:7)
  A killer bee (D:6)
  A howler monkey (D:6)
  3 wights (D:6)
  3 crimson imps
  A bullfrog zombie (D:7)
  A gnoll shaman (D:4)
  An orc priest (D:3)
  2 orc wizards (D:6)
  2 worker ants
  A killer bee zombie (D:6)
  A big kobold zombie (Ossuary)
  3 hound skeletons
  3 mummies (Ossuary)
  A worker ant zombie (D:6)
  3 gnolls (D:4)
  5 adders
  A shadow imp (D:5)
  An ooze (D:1)
  An adder zombie (D:3)
  A worm (D:4)
  3 dart slugs
  3 leopard geckos
  13 orcs
  A ball python (D:5)
  3 giant cockroaches
  3 goblins
  7 hobgoblins
  7 jackals
  9 kobolds
  4 quokkas
  6 bats
  3 frilled lizards
  A gnoll zombie (Ossuary)
  3 goblin zombies (Ossuary)
  3 hobgoblin zombies (Ossuary)
  2 jackal skeletons
  A jackal zombie (D:5)
  3 kobold zombies (Ossuary)
  7 rats
129 creatures vanquished.

Notes
Turn   | Place    | Note
-------+----------+-------------------------------------------
     0 | Abyss:1  | Geeful the Ogre Abyssal Knight began the quest for the Orb.
     0 | Abyss:1  | Reached XP level 1. HP: 24/24 MP: 2/2
    39 | Abyss:1  | Noticed a crimson imp
    81 | D:1      | Escaped the Abyss
   406 | D:1      | Reached XP level 2. HP: 11/32 MP: 3/3
   820 | D:1      | Reached * piety under Lugonu
   996 | D:1      | Reached XP level 3. HP: 28/40 MP: 4/4
  1403 | D:2      | Found a bloodstained altar of Trog.
  2319 | D:3      | Reached XP level 4. HP: 18/49 MP: 6/6
  2333 | D:3      | HP: 3/73 [poisoned by an adder]
  2338 | D:3      | HP: 2/73 [poisoned by an adder]
  2346 | D:3      | HP: 2/73 [poisoned by an adder]
  2766 | D:3      | Gained mutation: Your muscles are strong. (Str +2) [potion
                  | of mutation]
  2766 | D:3      | Lost mutation: Your muscles are strong. (Str +2) [potion of
                  | mutation]
  2766 | D:3      | Gained mutation: You tend to lose your temper in combat.
                  | [potion of mutation]
  2766 | D:3      | Gained mutation: You are agile. (Dex +2) [potion of
                  | mutation]
  3280 | D:3      | Reached skill level 5 in Fighting
  3312 | D:3      | Found a snail-covered altar of Cheibriados.
  3404 | D:3      | Reached ** piety under Lugonu
  3485 | D:3      | Found an iron altar of Okawaru.
  3504 | D:3      | Reached XP level 5. HP: 12/57 MP: 7/7
  3522 | D:3      | HP: 2/57 [poisoned by an adder]
  3529 | D:3      | HP: 1/57 [poisoned by an adder]
  3537 | D:3      | HP: 1/57 [poisoned by an adder]
  4459 | D:4      | Found a white marble altar of Elyvilon.
  4730 | D:4      | Reached XP level 6. HP: 24/66 MP: 8/8
  5396 | D:5      | Entered Level 5 of the Dungeon
  5451 | D:5      | Noticed a phantom
  6050 | D:5      | Reached skill level 6 in Fighting
  6205 | D:5      | Noticed an ice beast
  6341 | D:6      | Noticed an ice beast
  6422 | D:6      | Killed an ice beast
  6422 | D:6      | Reached XP level 7. HP: 12/75 MP: 10/10
  6721 | D:6      | Found a runed gate.
  6722 | D:6      | Noticed Geeful's ghost (novice OgAK)
  6723 | D:6      | Found a runed gate.
  6723 | D:6      | Found a runed gate.
  6761 | D:6      | Found Nexi's Weapon Shoppe.
  6763 | D:6      | Found Ypnoqigiab's Gadget Shoppe.
  6765 | D:6      | Found Quofunill's Book Shoppe.
  6765 | D:6      | Found Aqoent's Food Shoppe.
  6854 | D:7      | Found a sand-covered staircase.
  6918 | Ossuary  | Entered an ossuary
  6918 | Ossuary  | Noticed a wraith
  6918 | Ossuary  | Noticed a wraith
  6918 | Ossuary  | Noticed a wraith
  7354 | Ossuary  | Noticed a wraith
  8036 | D:7      | Reached skill level 5 in Invocations
  8201 | D:7      | Noticed a spriggan baker
  8231 | D:7      | Reached skill level 7 in Fighting
  8231 | D:7      | Reached XP level 8. HP: 87/87 MP: 11/11
  8490 | D:5      | Found a staircase to the Ecumenical Temple.
  8509 | D:5      | Reached *** piety under Lugonu
  8959 | D:6      | Killed a wraith
  8959 | D:6      | Reached skill level 5 in Dodging
  9016 | D:6      | Reached skill level 5 in Maces & Flails
  9048 | D:6      | Reached skill level 8 in Fighting
  9692 | D:6      | Reached XP level 9. HP: 69/97 MP: 13/13
  9842 | D:6      | Reached skill level 9 in Fighting
  9968 | D:7      | Slain by a spriggan baker

Vault maps used:
D:1:      lemuel_arrival_room, minmay_octomino_e4
D:2:      nicolae_overflow_crystal_walls
D:3:      cheibriados_altar_1, okawaru_metal_pillars_3
D:4:      elyvilon_altar_3
D:5:      temple_pool_b, first_ration, roderic_nine_men_s_morris
D:6:      gammafunk_ghost_nasty_kobolds, minmay_shop_grid_forest
D:7:      nicolae_ossuary_entry_monument, the_bakery
Ossuary:  ossuary_kennysheep_city_of_the_dead

Skill      XL: |  1  2  3  4  5  6  7  8  9 |
---------------+----------------------------+-----
Maces & Flails | 2 3 4 5 |  5.4
Invocations    | 3 4 5 |  5.8
Fighting       | 5 6 7 8 9 |  9.1
Dodging        | 3 4 5 |  5.5

Action                   |  1- 3 |  4- 6 |  7- 9 || total
-------------------------+-------+-------+-------++-------
Melee: Mace              |   124 |    33 |       ||   157
       Flail             |       |   268 |   113 ||   381
       Giant spiked club |       |       |    84 ||    84
Invok: Depart the Abyss  |     1 |       |       ||     1
 Abil: Evoke Berserk Rag |       |       |     1 ||     1
Evoke: Wand              |       |       |     4 ||     4
  Use: Scroll            |     5 |     1 |    13 ||    19
       Potion            |       |     5 |     2 ||     7
 Stab: Distracted        |       |     1 |       ||     1
       Sleeping          |       |       |     1 ||     1
  Eat: Chunk             |     4 |     5 |     3 ||    12
       Ration            |       |     3 |     2 ||     5
Armor: Robe              |    30 |    71 |    38 ||   139
       Skin              |       |    59 |       ||    59
Dodge: Dodged            |    80 |   185 |   159 ||   424

Table legend:
 A = Non-vault XP
 B = Vault XP
 C = Vault XP percentage of total XP
 D = Non-vault monster count
 E = Vault monster count
 F = Vault count percentage of total count
                 A         B        C        D         E       F
            +---------+---------+-------+---------+---------+-------
      Total |    2211 |     311 |  12.3 |     111 |      18 |  14.0
            +---------+---------+-------+---------+---------+-------
        D:1 |      38 |       4 |   9.5 |      20 |       3 |  13.0
        D:2 |      21 |       0 |   0.0 |      11 |       0 |   0.0
        D:3 |     111 |       0 |   0.0 |      23 |       0 |   0.0
        D:4 |     206 |       0 |   0.0 |      14 |       0 |   0.0
        D:5 |     302 |       0 |   0.0 |      14 |       0 |   0.0
        D:6 |    1227 |     220 |  15.2 |      25 |       1 |   3.8
        D:7 |     306 |       0 |   0.0 |       4 |       0 |   0.0
    Ossuary |       0 |      87 | 100.0 |       0 |      14 | 100.0
            +---------+---------+-------+---------+---------+-------
